 Dungeon Crawl Stone Soup version 0.28-a0-312-gbced6e68ee (webtiles) character file.

Game seed: 16760672552981813414

55 mg7810 the Vexing (level 4, -1/25 HPs)
             Began as a Kobold Arcane Marksman on Aug 30, 2021.
             Slain by a polar bear (5 damage)
             ... created by the rage of Trog
             ... on level 2 of the Dungeon.
             The game lasted 00:05:39 (1065 turns).

mg7810 the Vexing (Kobold Arcane Marksman)          Turns: 1065, Time: 00:05:40

Health: -1/25      AC:  3    Str: 13    XL:     4   Next: 14%
Magic:  5/5        EV: 15    Int: 15    God:
Gold:   71         SH:  0    Dex: 15    Spells: 2/5 levels left

rFire   . . .      SeeInvis .   a - +0 hand crossbow
rCold   . . .      Faith    .   (shield restricted)
rNeg    . . .      Spirit   .   d - +0 robe
rPois   .          Reflect  .   (no helmet)
rElec   .          Harm     .   i - +0 cloak
rCorr   .          Rampage  .   (no gloves)
Will    .....                   (no boots)
Stlth   ++........              (no amulet)
HPRegen 0.08/turn               l - +6 ring of strength
MPRegen 0.09/turn               (no ring)

@: weak-willed
A: small, no large weapons, nightstalker 3
a: no special abilities


You were on level 2 of the Dungeon.
You visited 1 branch of the dungeon, and saw 2 of its levels.

You collected 71 gold pieces.

Inventory:

Hand Weapons
 a - a +0 hand crossbow (weapon)
 e - a +1 whip of venom
Missiles
 c - 50 bolts (quivered ammo)
 g - 20 poisoned darts
 k - a throwing net
Armour
 d - a +0 robe (worn)
 i - a +0 cloak (worn)
Jewellery
 l - a +6 ring of strength (left hand)
Scrolls
 b - a scroll of identify
 h - a scroll of summoning
Potions
 f - a potion of curing {unknown}


   Skills:
 + Level 1.5 Fighting
 * Level 0.9 Maces & Flails
 + Level 3.2 Crossbows
 + Level 2.9 Dodging
 + Level 0.2 Stealth
 - Level 1.3 Spellcasting
 - Level 3.5 Hexes


You had 2 spell levels left.
You knew the following spells:

 Your Spells              Type           Power      Damage    Failure   Level
a - Corona                Hex            12%        N/A       5%          1
b - Slow                  Hex            11%        N/A       9%          2

Your spell library contained the following spells:

 Spells                   Type           Power      Damage    Failure   Level
 Sandblast                Erth           0%         2d4       24%         1
 Passwall                 Tmut/Erth      0%         N/A       36%         2
 Inner Flame              Hex/Fire       6%         N/A       34%         3
 Portal Projectile        Hex/Tloc       12%        N/A       34%         3
 Cause Fear               Hex            5%         N/A       50%         4
 Lee's Rapid Deconstruct  Erth           0%         3d5*      100%        5


Dungeon Overview and Level Annotations

Branches:
Dungeon (2/15)

Altars:
Trog


Innate Abilities, Weirdness & Mutations

You are small and have problems with some larger weapons.
You are completely attuned to the shadows.


Message History

Press: ? - help, Q - select action, (/) - cycle Shift-Dir - straight line, f/p - adder
Aim: an adder (heavily wounded, softly glowing, 63% to hit)
You shoot a bolt. The bolt hits the adder!
You kill the adder!
You have reached level 4!
You now have 71 gold pieces (gained 12).
c - 47 bolts (gained 1)
You see here a ball python corpse.
c - 49 bolts (gained 2)
You see here an adder corpse.
c - 50 bolts (gained 1)
You see here an adder corpse.
You see here 20 stones.
You open the door.
There is an open door here.
You open the door.
There is an open door here.
Found 16 stones.
Okay, then.
You see here 16 stones.
Found a stone staircase leading down.
Found a stone staircase leading up.
There is a stone staircase leading up here.
Trog sends monsters to punish you. 3 polar bears and a black bear come into view.
As you read the scroll labelled DUMODABOCA, it crumbles to dust.
It is a scroll of identify.
h - a scroll of summoning
As you read the scroll labelled XOAN CIACHIH, it crumbles to dust.
Magic quickly surges around you.
It was a scroll of vulnerability.
The polar bear bites you.
The polar bear claws you but does no damage.
The polar bear claws you.
You hear a shout!
The polar bear bites you!
* * * LOW HITPOINT WARNING * * *
The polar bear misses you. The polar bear barely misses you. x4
The polar bear closely misses you. The polar bear misses you.
The polar bear claws you.
You die...

### ### #.### ...#
#.#####<..###
....##.##....##..###
.....#.....######..##
....h##....# #..###..
...hhh.....###.## ##.
....@##........####..
...#.#..#...#.###..##
####.......####(.###
........#...###
...#.##...### #
#....... ###....#
>..... ......


You could see 3 polar bears and a black bear (berserk, weak-willed).

Vanquished Creatures
  3 adders (D:2)
  2 dart slugs (D:1)
  3 bats (D:1)
  2 endoplasms (D:1)
  A giant cockroach (D:1)
  A hobgoblin (D:1)
  2 kobolds (D:1)
  2 quokkas (D:1)
  4 ball pythons
  A frilled lizard (D:1)
  3 goblins
24 creatures vanquished.

Notes
Turn   | Place    | Note
-------+----------+-------------------------------------------
     0 | D:1      | mg7810 the Kobold Arcane Marksman began the quest for the
                  | Orb.
     0 | D:1      | Reached XP level 1. HP: 12/12 MP: 2/2
    93 | D:1      | Reached XP level 2. HP: 14/16 MP: 1/3
    96 | D:1      | Learned a level 2 spell: Slow
   161 | D:1      | Found a faded altar of an unknown god.
   464 | D:1      | Reached XP level 3. HP: 19/20 MP: 2/4
   835 | D:1      | Became a worshipper of Trog the Wrathful
   835 | D:1      | Reached * piety under Trog
   837 | D:1      | Fell from the grace of Trog
   954 | D:2      | Reached XP level 4. HP: 25/25 MP: 3/5
  1063 | D:2      | Noticed a black bear
  1063 | D:2      | Noticed a polar bear
  1063 | D:2      | Noticed a polar bear
  1063 | D:2      | Noticed a polar bear
  1065 | D:2      | Slain by a polar bear

Illustrated notes

Levels and vault maps discovered:
D:1:      lightli_arrival_boilingwater, layout_rooms,
          hellmonk_ecumenical_altar_lost_god
D:2:      layout_rooms, grunt_decor_clamped, minmay_fractal_squares_5,
          uniq_crazy_yiuf_cottage

Skill      XL: |  1  2  3 |
---------------+----------+-----
Crossbows      | 3 |  3.2
Fighting       | |  1.5
Maces & Flails | |  0.9
Dodging        | |  2.9
Stealth        | |  0.2
Spellcasting   | |  1.3
Hexes          | |  3.5

Action                   |  1- 3 |  4- 6 || total
-------------------------+-------+-------++-------
 Fire: Hand crossbow     |    51 |       ||    51
 Cast: Corona            |    22 |       ||    22
       Slow              |     1 |       ||     1
Invok: Renounce Religion |     1 |       ||     1
  Use: Scroll            |       |     2 ||     2
Armor: Robe              |     5 |     1 ||     6
Dodge: Dodged            |    13 |     7 ||    20

Table legend: (Time is in decaauts)
 A = Elapsed time spent in this place.
 B = Non-inter-level travel time spent in this place.
 C = Inter-level travel time spent in this place.
 D = Time resting spent in this place.
 E = Time spent auto-exploring this place.
 F = Levels seen in this place.
 G = Mean time per level.
                   A        B        C        D        E       F      G
               +--------+--------+--------+--------+--------+-----+--------+
         Total |   1085 |   1085 |      0 |      0 |    796 |   2 |  542.5 |
       Dungeon |   1085 |   1085 |      0 |      0 |    796 |   2 |  542.5 |
               +--------+--------+--------+--------+--------+-----+--------+

Top non-repeatable levels by time:
     D:1: 880 daAuts
     D:2: 205 daAuts
